 Dungeon Crawl Stone Soup version 0.28.0 (webtiles) character file.

Game seed: 7484004457611517159

457 mortz the Magician (level 7, -7/45 HPs)
             Began as a Djinni Conjurer on Feb 18, 2022.
             Killed from afar by an orc wizard (10 damage)
             ... with a magic dart
             ... on level 5 of the Dungeon on Feb 19, 2022.
             The game lasted 00:23:52 (4630 turns).

mortz the Magician (Djinni Conjurer)                Turns: 4630, Time: 00:23:53

Health: -7/45      AC:  3    Str:  6    XL:     7   Next: 27%
Gold:   189        EV: 15    Int: 21    God:
                   SH:  0    Dex: 12

rFire   + + +      SeeInvis .   h - +2 dagger (drain)
rCold   x . .      Faith    .   (no shield)
rNeg    . . .      Spirit   .   c - +0 leather armour
rPois   ∞          Reflect  .   (no helmet)
rElec   .          Harm     .   (no cloak)
rCorr   .          Rampage  .   (no gloves)
Will    .....                   (boots unavailable)
Stlth   ++........              (no amulet)
HPRegen 0.15/turn               e - +4 ring of evasion
MPRegen 0.00/turn               b - ring of protection from fire

@: flying
A: sickness immunity, fire resistance 2, cold vulnerability 1, float, innate
caster, HP casting, extra vitality 1
a: no special abilities


You were on level 5 of the Dungeon.
You visited 1 branch of the dungeon, and saw 5 of its levels.

You collected 189 gold pieces.

Inventory:

Hand Weapons
 f - a +0 dagger of holy wrath
 h - a +2 dagger of draining (weapon)
 i - a +0 trident
Armour
 a - a +0 robe
 c - a +0 leather armour (worn)
Jewellery
 b - a ring of protection from fire (right hand)
 e - a +4 ring of evasion (left hand)
Scrolls
 d - a scroll of noise {unknown}
 k - a scroll of brand weapon {unknown}
 n - a scroll of vulnerability {unknown}
 o - a scroll of enchant armour {unknown}
 p - 2 scrolls of amnesia {unknown}
 q - a scroll of identify {unknown}
 r - a scroll of teleportation {unknown}
Potions
 j - 2 potions of lignification
 l - a potion of invisibility
 s - a potion of ambrosia {unknown}


   Skills:
 + Level 3.1 Armour
 + Level 2.8 Dodging
 + Level 2.1 Stealth
 + Level 5.5 Spellcasting


You couldn't memorise any spells.
You knew the following spells:

 Your Spells              Type           Power      Damage    Failure   Level
a - Magic Dart            Conj           100%       1d8       1%          1
b - Searing Ray           Conj           58%        2d6       2%          2
c - Dazzling Flash        Conj/Hex       58%        N/A       4%          3
d - Fulminant Prism       Conj/Hex       14%        3d9       16%         4
e - Iskenderun's Mystic   Conj/Tloc      29%        2d7       16%         4
f - Sting                 Tmut/Pois      100%       1d8       1%          1
g - Call Imp              Summ           29%        N/A       2%          2
h - Scorch                Fire           58%        2d8       2%          2
Your spell library was empty.

Dungeon Overview and Level Annotations

Branches:
Dungeon (5/15)
 Temple: D:4-7

Altars:
Ashenzari
Cheibriados
Hepliaklqana
Uskayaw


Innate Abilities, Weirdness & Mutations

You are immune to sickness and miasma.
You are immune to poison.
Your flesh is very heat resistant. (rF++)
You are vulnerable to cold. (rC-)
You float through the air rather than walking.
You learn spells naturally, not from books.
Your magical power is your life essence.
You have superior vitality. (+4 MHP)


Message History

The searing ray hits the orc warrior.
The orc warrior is heavily wounded.
You finish channelling your searing ray.
You hear some strange, mumbled words.
A magic dart appears from out of thin air!
The magic dart hits you.
* * * LOW HITPOINT WARNING * * *
The orc warrior hits you with a +0 scimitar!
* * * LOW HITPOINT WARNING * * *
You see here a +0 hand axe.
You hear some strange, mumbled words.
You are confused.
You bump into the rock wall.
It was a potion of lignification.
You turn into a tree.
Your +0 leather armour melds into your body.
Your roots penetrate the ground.
The orc warrior hits you but does no damage.
Something hits you but does no damage.
It was a potion of invisibility.
You fade into invisibility!
The orc warrior hits you but does no damage.
You hear some strange, mumbled words.
A puff of flame appears from out of thin air!
The puff of flame hits you but does no damage.
It was a potion of curing.
You feel better.
The orc warrior hits you with a +0 scimitar.
* * * LOW HITPOINT WARNING * * *
Something hits you but does no damage.
It was a potion of cancellation.
Your magical effects are unravelling.
You feel magically purged.
You feel less wooden.
Your +0 leather armour unmelds from your body.
You flicker back into view.
The orc warrior closely misses you. Something hits you but does no damage.
The orc warrior hits you with a +0 scimitar.
* * * LOW HITPOINT WARNING * * *
A magic dart appears from out of thin air!
The magic dart hits you!
You die...

##...#.......#
#....#)......#
+....'.......#
######.......#
............#
............#
...........{.#
...........o.###
......###+#.@..#
##.... #<...#
#.... #....#
#... #....#
#......
#........
#........
##+##.... ....


You could see an orc warrior.

Vanquished Creatures
  A necrophage (D:4)
  A scorpion (D:4)
  A water moccasin skeleton (D:4)
  A killer bee (D:4)
  A bullfrog skeleton (D:3)
  9 adders
  An adder skeleton (D:4)
  2 worms
  A dart slug (D:2)
  11 orcs
  6 bats
  6 endoplasms
  6 giant cockroaches
  12 goblins
  9 hobgoblins
  2 jackals (D:4)
  2 quokkas
  8 ball pythons
  A frilled lizard (D:2)
  8 kobolds
  5 rats
94 creatures vanquished.

Notes
Turn   | Place    | Note
-------+----------+-------------------------------------------
     0 | D:1      | mortz the Djinni Conjurer began the quest for the Orb.
     0 | D:1      | Reached XP level 1. HP: 15/15 MP: 0/0
   233 | D:1      | Reached XP level 2. HP: 17/21 MP: 0/0
   639 | D:1      | Reached XP level 3. HP: 23/25 MP: 0/0
   639 | D:1      | Learned a level 1 spell: Sting
   786 | D:1      | Found a faded altar of an unknown god.
   838 | D:1      | Reached skill level 4 in Spellcasting
  1414 | D:2      | Reached XP level 4. HP: 30/31 MP: 0/0
  2150 | D:3      | Reached XP level 5. HP: 28/35 MP: 0/0
  2150 | D:3      | Learned a level 2 spell: Call Imp
  2697 | D:3      | Reached skill level 1 in Armour
  3333 | D:4      | Reached XP level 6. HP: 28/40 MP: 0/0
  3485 | D:4      | Reached skill level 5 in Spellcasting
  3678 | D:4      | Found a broken altar of Ashenzari.
  3781 | D:4      | Found a snail-covered altar of Cheibriados.
  3782 | D:4      | Found a hazy altar of Hepliaklqana.
  4352 | D:4      | Found a hide-covered altar of Uskayaw.
  4371 | D:4      | Noticed a necrophage
  4378 | D:4      | Killed a necrophage
  4379 | D:4      | Reached XP level 7. HP: 37/45 MP: 0/0
  4379 | D:4      | Learned a level 2 spell: Scorch
  4575 | D:5      | Entered Level 5 of the Dungeon
  4630 | D:5      | Killed from afar by an orc wizard

Illustrated notes

Levels and vault maps discovered:
D:1:      nzn_arrival_settlement, layout_basic,
          shapermc_ecumenical_altar_mp_urbaneastern, nicolae_wormholes
D:2:      layout_rooms, minmay_misc_feat_rugged
D:3:      layout_basic, minmay_misc_feat_alley, bh_walls_and_bars
D:4:      kennysheep_big_flooded_room, layout_basic, nicolae_uskayaw_dance_hall,
          nicolae_ashenzari_panopticon, jmf_multi_god_temple,
          minmay_manual_mandibuliform
D:5:      layout_gridville, serial_shops, nicolae_shop_overgrown_old_shop,
          uniq_eustachio

Skill      XL: |  1  2  3  4  5  6 |
---------------+-------------------+-----
Spellcasting   | 4 5 |  5.5
Armour         | 1 3 |  3.1
Stealth        | 2 |  2.1
Dodging        | |  2.8

Action                   |  1- 3 |  4- 6 |  7- 9 || total
-------------------------+-------+-------+-------++-------
 Cast: Magic Dart        |    59 |    40 |     7 ||   106
       Searing Ray       |     3 |    35 |     3 ||    41
  Use: Potion            |       |       |     4 ||     4
Armor: Leather armour    |       |     2 |     2 ||     4
       Skin              |       |       |     5 ||     5
Dodge: Dodged            |     2 |    29 |     4 ||    35
